Lightning vs Sharks

Created - Sunday, February 15, 2015 at 23:51

Goals
1 2 3 T
Lightning 2 3 4 9
Sharks 1 0 2 3
Shots
1 2 3 T
Lightning 13 12 10 35
Sharks 12 6 21 39

1st period

1. Lightning , Roman Polak 2 (Matt Calvert, Dave Bolland) at 2:08
2. Sharks , Tom Kostopoulos 1 (Jay Harrison, Andrew Ebbett) at 3:06
3. Lightning , Brandon Dubinsky 16 (Patrick Marleau, Ryan Suter) at 3:58

Penalties :
Matt Hendricks (SJ ) for Hooking (Minor) at 8:58

2nd period

4. Lightning , Jiri Tlusty 15 (Ryan Nugent-Hopkins) at 8:40 (PP)
5. Lightning , Jiri Tlusty 16 (Dmitry Kulikov, Ryan Nugent-Hopkins) at 14:28
6. Lightning , Patrick Marleau 28 (Ondrej Palat, Ben Scrivens) at 16:21 (PP)

Penalties :
Ryan Suter (TB ) for Hooking (Minor) at 1:00, John Mitchell (TB ) for Interference (Minor) at 1:26, Matt Hendricks (SJ ) for Roughing (Minor) at 7:05, Mike Green (SJ ) for Holding (Minor) at 16:08

3rd period

7. Lightning , Roman Polak 3 (Brandon Dubinsky, Patrick Marleau) at 7:22
8. Sharks , Brian Gionta 13 (Mike Green, Nathan Gerbe) at 9:57
9. Lightning , Mattias Ekholm 2 (Patrick Marleau, Brandon Dubinsky) at 14:02
10. Lightning , Ryan Suter 16 (John Mitchell) at 15:09 (SH)
11. Lightning , Jiri Tlusty 17 (Dmitry Kulikov, Marc Methot) at 19:24
12. Sharks , Brian Gionta 14 (Nicklas Grossmann, Brad Richards) at 19:59 (PP)

Penalties :
Marc Methot (TB ) for Tripping (Minor) at 0:03, Ryan Nugent-Hopkins (TB ) for Hooking (Minor) at 14:46, Roman Polak (TB ) for Hooking (Minor) at 19:54

Goalie Stats

Ben Scrivens (TB ), 36 saves from 39 shots - (0.923), W, 5-1-0, 60:00 minutes
Viktor Fasth (SJ ), 17 saves from 22 shots - (0.773), L, 3-15-0, 36:21 minutes
Aaron Dell (SJ ), 9 saves from 13 shots - (0.692), 23:39 minutes

Players Stats for Lightning

Player Name              G  A  P  +/- PIM S  H  SB GA TA FO     MP     PP MP  PK MP  
------------------------------------------------------------------------------------
Brandon Dubinsky         1  2  3   3  0   2  2  0  4  0  10/21  19:30   2:02   3:41 
Dave Bolland             0  1  1   0  0   0  1  0  2  0  3/6    12:56   0:00   0:00 
Dmitry Kulikov           0  2  2   1  0   3  0  2  2  2  0/0    21:35   1:19   2:29 
Erik Condra              0  0  0  -1  0   0  2  0  0  1  0/0     8:53   0:00   0:00 
Jiri Tlusty              3  0  3   2  0   4  1  0  0  0  0/0    15:54   1:45   0:00 
John Mitchell            0  1  1   0  2   2  0  0  1  0  6/10   11:48   0:00   2:05 
Marc Methot              0  1  1   1  2   3  3  2  0  4  0/0    21:17   1:19   3:38 
Matt Calvert             0  1  1   0  0   5  0  1  2  0  0/1    12:56   0:00   0:00 
Mattias Ekholm           1  0  1   2  0   1  0  0  0  0  0/0    15:12   0:00   0:00 
Nikolai Kulemin          0  0  0   1  0   2  2  0  0  0  1/2    15:43   0:00   2:47 
Ondrej Palat             0  1  1   3  0   0  2  0  1  0  0/1    14:19   2:02   0:00 
Patrick Marleau          1  3  4   3  0   3  0  1  2  1  0/1    17:22   2:02   2:23 
Roman Polak              2  0  2   3  2   5  1  1  0  2  0/0    19:37   0:00   3:59 
Ryan Nugent-Hopkins      0  2  2   2  2   1  1  0  6  0  6/13   16:06   1:45   0:00 
Ryan Strome              0  0  0   2  0   0  0  0  4  0  0/0    15:54   1:45   0:00 
Ryan Suter               1  1  2   2  2   1  3  4  1  2  0/0    23:19   2:28   3:16 
Shawn Matthias           0  0  0  -1  0   0  0  0  0  0  0/1     8:53   0:00   0:00 
Tyson Barrie             0  0  0   1  0   3  2  1  0  0  0/0    20:40   2:28   0:00 

Players Stats for Sharks

Player Name              G  A  P  +/- PIM S  H  SB GA TA FO     MP     PP MP  PK MP  
------------------------------------------------------------------------------------
Adam Hall                0  0  0  -1  0   2  0  1  1  1  7/14   17:25   0:00   0:33 
Andrew Ebbett            0  1  1   1  0   3  0  0  1  0  2/5     6:28   0:00   0:00 
Brad Richards            0  1  1  -2  0   1  1  0  0  0  13/20  22:06   3:58   1:16 
Brian Gionta             2  0  2  -3  0   3  0  0  0  0  0/2    16:25   3:58   0:36 
Deryk Engelland          0  0  0  -1  0   1  3  0  0  1  0/0    16:51   0:00   0:00 
Dion Phaneuf             0  0  0  -5  0   0  4  3  3  4  0/0    24:44   3:10   3:14 
Erik Gustafsson          0  0  0   0  0   0  0  0  0  0  0/0     0:00   0:00   0:00 
Jay Harrison             0  1  1   0  0   1  0  0  0  0  0/0    14:38   0:00   0:00 
Justin Fontaine          0  0  0  -1  0   4  0  0  4  1  2/2    16:51   0:00   0:00 
Mark Fistric             0  0  0   0  0   0  0  1  1  0  0/0    14:38   0:00   0:00 
Matt Hendricks           0  0  0  -2  4   3  2  0  0  0  2/2    17:52   2:30   0:00 
Mike Green               0  1  1   0  2   4  0  1  1  0  0/0    20:37   3:18   0:33 
Mike Weber               0  0  0   0  0   5  1  1  1  4  0/0    20:38   3:18   0:33 
Nathan Gerbe             0  1  1  -3  0   2  1  0  2  0  1/2    15:49   3:58   0:00 
Nicklas Grossmann        0  1  1  -5  0   1  0  1  0  2  0/0    24:44   3:10   3:14 
Olli Jokinen             0  0  0  -2  0   5  0  1  2  0  2/7    19:42   2:30   2:38 
Rich Peverley            0  0  0  -2  0   2  0  0  2  0  1/1    17:40   2:30   0:36 
Tom Kostopoulos          1  0  1   1  0   2  0  0  2  0  0/1     9:02   0:00   1:55 

3 Stars

1 - Jiri Tlusty (TB )
2 - Patrick Marleau (TB )
3 - Brandon Dubinsky (TB )

Power Play

Lightning - 2 on 3 Attempt(s) - 66.67%
Sharks - 1 on 5 Attempt(s) - 20.00%

Penalty Kill

Lightning - 4 on 5 Attempt(s) - 80.00% - Score 1 goal in Penalty Kill
Sharks - 1 on 3 Attempt(s) - 33.33% - Score 0 goal in Penalty Kill

Team Stat

Lightning - Hits : 20 - Faceoff Wins : 26 - Blocked Shots : 12 - Penalty Minutes : 10
Sharks - Hits : 12 - Faceoff Wins : 30 - Blocked Shots : 9 - Penalty Minutes : 6

Official

Referees : Unknown
Linesman : Unknown

Game Notes

Aaron Dell enters game at 16:21 of 2nd period
Jiri Tlusty has scored a Hat Trick!

Finance

Level 1 -- Attendance: 4230 (70.50%) -- Ticket Income $376,470
Level 2 -- Attendance: 3117 (62.34%) -- Ticket Income $215,073
Level 3 -- Attendance: 1534 (76.70%) -- Ticket Income $53,690
Level 4 -- Attendance: 2302 (57.55%) -- Ticket Income $57,550
Luxury Box -- Attendance: 698 (69.80%) -- Ticket Income $138,902
Game was played at the HP Pavilion'
Total Attendance: 11881 (66.01%)
Total Ticket Income: $841,685
Other Income: $412,426
Total Income: $1,254,111

Lightning

5 vs 5 Forward 
   Center                   Left Wing                Right Wing               Time % Phy DF OF 
 1 Brandon Dubinsky         Ondrej Palat             Patrick Marleau          30     1   2  2  
 2 Ryan Nugent-Hopkins      Jiri Tlusty              Ryan Strome              30     0   2  3  
 3 Dave Bolland             Matt Calvert             Nikolai Kulemin          25     1   3  1  
 4 John Mitchell            Shawn Matthias           Erik Condra              15     1   3  1  

5 vs 5 Defense 
   Defense                  Defense                                           Time % Phy DF OF 
 1 Ryan Suter               Tyson Barrie                                      34     1   2  2  
 2 Marc Methot              Dmitry Kulikov                                    33     1   2  2  
 3 Roman Polak              Mattias Ekholm                                    33     1   2  2  
 4 Dmitry Kulikov           Tyson Barrie                                      0      1   2  2  

PowerPlay Forward 
   Center                   Left Wing                Right Wing               Time % Phy DF OF 
 1 Brandon Dubinsky         Ondrej Palat             Patrick Marleau          50     0   1  4  
 2 Ryan Nugent-Hopkins      Jiri Tlusty              Ryan Strome              50     0   1  4  

PowerPlay Defense
   Defense                  Defense                                           Time % Phy DF OF 
 1 Ryan Suter               Tyson Barrie                                      60     1   2  2  
 2 Marc Methot              Dmitry Kulikov                                    40     1   2  2  

Penalty Kill 4 Players Forward 
   Center                   Wing                     Time % Phy DF OF 
 1 John Mitchell            Nikolai Kulemin          50     1   4  0  
 2 Brandon Dubinsky         Patrick Marleau          50     1   4  0  

Penalty Kill 4 Players Defense
   Defense                  Defense                  Time % Phy DF OF 
 1 Marc Methot              Dmitry Kulikov           50     1   4  0  
 2 Ryan Suter               Roman Polak              50     1   4  0  

Penalty Kill - 3 Players Forward 
   Forward                                           Time % Phy DF OF 
 1 John Mitchell                                     50     1   4  0  
 2 Brandon Dubinsky                                  50     1   4  0  

Penalty Kill - 3 Players Defense
   Defense                  Defense                  Time % Phy DF OF 
 1 Marc Methot              Dmitry Kulikov           50     1   4  0  
 2 Ryan Suter               Roman Polak              50     1   4  0  

4 vs 4 Forward 
   Center                   Wing                     Time % Phy DF OF 
 1 Brandon Dubinsky         Patrick Marleau          50     0   2  3  
 2 Ryan Nugent-Hopkins      Ondrej Palat             50     0   2  3  

4 vs 4 Defense
   Defense                  Defense                  Time % Phy DF OF 
 1 Ryan Suter               Tyson Barrie             60     1   2  2  
 2 Marc Methot              Dmitry Kulikov           40     1   2  2  

Last Minutes Offensive
   Center                   Left Wing                Right Wing               Defense                  Defense                  
   Brandon Dubinsky         Ondrej Palat             Patrick Marleau          Ryan Suter               Tyson Barrie             

Last Minutes Defensive
   Center                   Left Wing                Right Wing               Defense                  Defense                  
   Brandon Dubinsky         Patrick Marleau          Nikolai Kulemin          Ryan Suter               Marc Methot              

Goaltenders
Starting : Ben Scrivens             
Backup : Carey Price              

Extra Forwards
Normal : Ondrej Palat, Patrick Marleau, Ryan Nugent-Hopkins - PP : Ondrej Palat, Patrick Marleau - PK : Nikolai Kulemin
Extra Defensemen
Normal : Ryan Suter, Dmitry Kulikov, Marc Methot - PP : Ryan Suter - PK : Ryan Suter, Marc Methot
Penalty Shots
Patrick Marleau, Nikolai Kulemin, Ryan Nugent-Hopkins, Ondrej Palat, Jiri Tlusty

Sharks

5 vs 5 Forward 
   Center                   Left Wing                Right Wing               Time % Phy DF OF 
 1 Brad Richards            Nathan Gerbe             Brian Gionta             35     1   2  2  
 2 Olli Jokinen             Matt Hendricks           Rich Peverley            30     1   2  2  
 3 Adam Hall                Deryk Engelland          Justin Fontaine          22     1   2  2  
 4 Andrew Ebbett            Brad Richards            Tom Kostopoulos          13     1   2  2  

5 vs 5 Defense 
   Defense                  Defense                                           Time % Phy DF OF 
 1 Dion Phaneuf             Nicklas Grossmann                                 35     1   2  2  
 2 Mike Green               Mike Weber                                        30     1   2  2  
 3 Mark Fistric             Jay Harrison                                      22     1   2  2  
 4 Dion Phaneuf             Nicklas Grossmann                                 13     1   2  2  

PowerPlay Forward 
   Center                   Left Wing                Right Wing               Time % Phy DF OF 
 1 Brad Richards            Nathan Gerbe             Brian Gionta             60     1   2  2  
 2 Olli Jokinen             Matt Hendricks           Rich Peverley            40     1   2  2  

PowerPlay Defense
   Defense                  Defense                                           Time % Phy DF OF 
 1 Dion Phaneuf             Nicklas Grossmann                                 60     1   2  2  
 2 Mike Green               Mike Weber                                        40     1   2  2  

Penalty Kill 4 Players Forward 
   Center                   Wing                     Time % Phy DF OF 
 1 Brad Richards            Olli Jokinen             60     1   2  2  
 2 Brian Gionta             Rich Peverley            40     1   2  2  

Penalty Kill 4 Players Defense
   Defense                  Defense                  Time % Phy DF OF 
 1 Dion Phaneuf             Nicklas Grossmann        60     1   2  2  
 2 Mike Green               Mike Weber               40     1   2  2  

Penalty Kill - 3 Players Forward 
   Forward                                           Time % Phy DF OF 
 1 Brad Richards                                     60     1   2  2  
 2 Olli Jokinen                                      40     1   2  2  

Penalty Kill - 3 Players Defense
   Defense                  Defense                  Time % Phy DF OF 
 1 Dion Phaneuf             Nicklas Grossmann        60     1   2  2  
 2 Mike Green               Mike Weber               40     1   2  2  

4 vs 4 Forward 
   Center                   Wing                     Time % Phy DF OF 
 1 Brad Richards            Olli Jokinen             60     1   2  2  
 2 Brian Gionta             Rich Peverley            40     1   2  2  

4 vs 4 Defense
   Defense                  Defense                  Time % Phy DF OF 
 1 Dion Phaneuf             Nicklas Grossmann        60     1   2  2  
 2 Mike Green               Mike Weber               40     1   2  2  

Last Minutes Offensive
   Center                   Left Wing                Right Wing               Defense                  Defense                  
   Brad Richards            Nathan Gerbe             Brian Gionta             Dion Phaneuf             Nicklas Grossmann        

Last Minutes Defensive
   Center                   Left Wing                Right Wing               Defense                  Defense                  
   Brad Richards            Nathan Gerbe             Brian Gionta             Dion Phaneuf             Nicklas Grossmann        

Goaltenders
Starting : Viktor Fasth             
Backup : Aaron Dell               

Extra Forwards
Normal : Adam Hall, Brad Richards, Tom Kostopoulos - PP : Adam Hall, Brad Richards - PK : Tom Kostopoulos
Extra Defensemen
Normal : Mark Fistric, Nicklas Grossmann, Dion Phaneuf - PP : Mark Fistric - PK : Nicklas Grossmann, Dion Phaneuf
Penalty Shots
Brad Richards, Olli Jokinen, Brian Gionta, Rich Peverley, Nathan Gerbe

% Time on Ice - Lightning

Lines # - Real PCT - Wanted PCT - Time Play
Normal Forward
1 - 26% - 30% - 13:07
2 - 30% - 30% - 14:49
3 - 26% - 25% - 12:56
4 - 18% - 15% - 8:53
Normal Defense
1 - 35% - 34% - 17:22
2 - 31% - 33% - 15:18
3 - 31% - 33% - 15:12
4 - 4% - 0% - 1:53
PP Forward
1 - 54% - 50% - 2:02
2 - 46% - 50% - 1:45
PP Defense
1 - 65% - 60% - 2:28
2 - 35% - 40% - 1:19
PK Forward
1 - 52% - 50% - 2:32
2 - 48% - 50% - 2:23
PK Defense
1 - 42% - 50% - 2:05
2 - 58% - 50% - 2:50
PK3 Forward
1 - 53% - 50% - 0:49
2 - 47% - 50% - 0:44
PK3 Defense
1 - 26% - 50% - 0:24
2 - 74% - 50% - 1:09
44 Forward
1 - 0% - 50%
2 - 0% - 50%
44 Defense
1 - 0% - 60%
2 - 0% - 40%
Last Minute Offensive  - 0:00
Last Minute Defensive  - 0:00
Total
Forward - 60:00
Defense - 60:00

% Time on Ice - Sharks

Lines # - Real PCT - Wanted PCT - Time Play
Normal Forward
1 - 24% - 35% - 11:52
2 - 29% - 30% - 14:34
3 - 34% - 22% - 16:51
4 - 13% - 13% - 6:28
Normal Defense
1 - 31% - 35% - 15:30
2 - 34% - 30% - 16:47
3 - 29% - 22% - 14:38
4 - 6% - 13% - 2:50
PP Forward
1 - 61% - 60% - 3:58
2 - 39% - 40% - 2:30
PP Defense
1 - 49% - 60% - 3:10
2 - 51% - 40% - 3:18
PK Forward
1 - 84% - 60% - 3:11
2 - 16% - 40% - 0:36
PK Defense
1 - 85% - 60% - 3:14
2 - 15% - 40% - 0:33
PK3 Forward
1 - 0% - 60%
2 - 0% - 40%
PK3 Defense
1 - 0% - 60%
2 - 0% - 40%
44 Forward
1 - 0% - 60%
2 - 0% - 40%
44 Defense
1 - 0% - 60%
2 - 0% - 40%
Last Minute Offensive  - 0:00
Last Minute Defensive  - 0:00
Total
Forward - 60:00
Defense - 60:00

Play by Play

1st period


0:01 of 1st period - Brad Richards wins face-off versus Brandon Dubinsky in neutral zone.
0:08 of 1st period - Slapshot by Nathan Gerbe.
0:08 of 1st period - Deflect By Brian Gionta.
0:08 of 1st period - Shot Blocked by Patrick Marleau.
0:08 of 1st period - Puck is out of play.
0:09 of 1st period - Brandon Dubinsky wins face-off versus Brian Gionta in Lightning zone.
1:26 of 1st period - Snap shot by Ryan Strome.
1:26 of 1st period - Shot Blocked by Nicklas Grossmann.
1:28 of 1st period - Backhand shot by Dmitry Kulikov.
1:28 of 1st period - Shot Blocked by Dion Phaneuf.
1:30 of 1st period - Slapshot by Marc Methot.
1:30 of 1st period - Stopped by Viktor Fasth with a rebound.
2:06 of 1st period - Slapshot by Dave Bolland.
2:06 of 1st period - Deflect By Matt Calvert.
2:06 of 1st period - Stopped by Viktor Fasth with a rebound.
2:08 of 1st period - Slapshot by Roman Polak.
2:08 of 1st period - Deflect By Rich Peverley.
2:08 of 1st period - Goal by Roman Polak - Lightning : 1 - Sharks : 0.
2:09 of 1st period - Adam Hall wins face-off versus John Mitchell in neutral zone.
2:23 of 1st period - Wrist shot by Mike Green.
2:23 of 1st period - Stopped by Ben Scrivens with a rebound.
2:25 of 1st period - Slapshot by Mike Green.
2:25 of 1st period - Deflect By John Mitchell.
2:25 of 1st period - Stopped by Ben Scrivens with a rebound.
2:27 of 1st period - Slapshot by Mike Weber.
2:27 of 1st period - Stopped by Ben Scrivens with a rebound.
2:37 of 1st period - Snap shot by Adam Hall.
2:37 of 1st period - Stopped by Ben Scrivens without a rebound.
2:38 of 1st period - Dave Bolland wins face-off versus Andrew Ebbett in Lightning zone.
2:58 of 1st period - Snap shot by Andrew Ebbett.
2:58 of 1st period - Stopped by Ben Scrivens with a rebound.
3:00 of 1st period - Slapshot by Jay Harrison.
3:00 of 1st period - Shot Blocked by Marc Methot.
3:02 of 1st period - Snap shot by Andrew Ebbett.
3:02 of 1st period - Stopped by Ben Scrivens with a rebound.
3:04 of 1st period - Wrist shot by Jay Harrison.
3:04 of 1st period - Shot Misses the Net.
3:06 of 1st period - Snap shot by Tom Kostopoulos.
3:06 of 1st period - Goal by Tom Kostopoulos - Lightning : 1 - Sharks : 1.
3:07 of 1st period - Justin Fontaine wins face-off versus Ryan Nugent-Hopkins in neutral zone.
3:18 of 1st period - Slapshot by Mike Green.
3:18 of 1st period - Shot Misses the Net.
3:20 of 1st period - Snap shot by Mike Weber.
3:20 of 1st period - Stopped by Ben Scrivens without a rebound.
3:21 of 1st period - Ryan Nugent-Hopkins wins face-off versus Adam Hall in Lightning zone.
3:40 of 1st period - Slapshot by Justin Fontaine.
3:40 of 1st period - Stopped by Ben Scrivens with a rebound.
3:42 of 1st period - Slapshot by Mike Weber.
3:42 of 1st period - Stopped by Ben Scrivens without a rebound.
3:43 of 1st period - Brad Richards wins face-off versus Brandon Dubinsky in Lightning zone.
3:44 of 1st period - Snap shot by Nathan Gerbe.
3:44 of 1st period - Shot Misses the Net.
3:56 of 1st period - Snap shot by Patrick Marleau.
3:56 of 1st period - Shot Misses the Net.
3:58 of 1st period - Wrist shot by Brandon Dubinsky.
3:58 of 1st period - Goal by Brandon Dubinsky - Lightning : 2 - Sharks : 1.
3:59 of 1st period - John Mitchell wins face-off versus Brad Richards in neutral zone.
5:28 of 1st period - Rich Peverley is hit by Ondrej Palat and loses puck.
6:31 of 1st period - Nicklas Grossmann is hit by Ryan Nugent-Hopkins and loses puck.
7:07 of 1st period - Snap shot by John Mitchell.
7:07 of 1st period - Stopped by Viktor Fasth with a rebound.
7:09 of 1st period - Slapshot by Roman Polak.
7:09 of 1st period - Stopped by Viktor Fasth with a rebound.
7:11 of 1st period - Snap shot by John Mitchell.
7:11 of 1st period - Shot Misses the Net.
7:13 of 1st period - Snap shot by Roman Polak.
7:13 of 1st period - Deflect By Dion Phaneuf.
7:13 of 1st period - Stopped by Viktor Fasth with a rebound.
7:15 of 1st period - Slapshot by Roman Polak.
7:15 of 1st period - Stopped by Viktor Fasth with a rebound.
8:29 of 1st period - Wrist shot by Patrick Marleau.
8:29 of 1st period - Stopped by Viktor Fasth with a rebound.
8:43 of 1st period - Jiri Tlusty is hit by Matt Hendricks and loses puck.
8:58 of 1st period - Minor Penalty to Matt Hendricks for Hooking.
8:59 of 1st period - Brad Richards wins face-off versus Ryan Nugent-Hopkins in Sharks zone.
9:37 of 1st period - Brad Richards is hit by Marc Methot and loses puck.
9:48 of 1st period - Ondrej Palat is hit by Dion Phaneuf and loses puck.
10:17 of 1st period - Wrist shot by Ryan Nugent-Hopkins.
10:17 of 1st period - Shot Misses the Net.
10:58 of 1st period - Penalty to Matt Hendricks is over, Matt Hendricks is back on ice.
11:18 of 1st period - Nikolai Kulemin is hit by Deryk Engelland.
11:36 of 1st period - Wrist shot by Nikolai Kulemin.
11:36 of 1st period - Shot Misses the Net.
12:14 of 1st period - John Mitchell is hit by Mike Weber and loses puck.
12:51 of 1st period - Andrew Ebbett is hit by Ondrej Palat and loses puck.
13:10 of 1st period - Slapshot by Tom Kostopoulos.
13:10 of 1st period - Stopped by Ben Scrivens without a rebound.
13:11 of 1st period - Brad Richards wins face-off versus Dave Bolland in Lightning zone.
13:24 of 1st period - Wrist shot by Brian Gionta.
13:24 of 1st period - Shot Hit the Post.
13:36 of 1st period - Snap shot by Nikolai Kulemin.
13:36 of 1st period - Shot Blocked by Mike Weber.
13:38 of 1st period - Snap shot by Matt Calvert.
13:38 of 1st period - Shot Misses the Net.
15:59 of 1st period - Matt Hendricks is hit by Jiri Tlusty and loses puck.
17:00 of 1st period - Slapshot by Dion Phaneuf.
17:00 of 1st period - Shot Misses the Net.
17:02 of 1st period - Slapshot by Nicklas Grossmann.
17:02 of 1st period - Deflect By Tom Kostopoulos.
17:02 of 1st period - Shot Misses the Net.
17:02 of 1st period - Puck is out of play.
17:03 of 1st period - Andrew Ebbett wins face-off versus Ondrej Palat in Lightning zone.
17:10 of 1st period - Snap shot by Andrew Ebbett.
17:10 of 1st period - Stopped by Ben Scrivens with a rebound.
17:40 of 1st period - Matt Hendricks is hit by Tyson Barrie.
18:54 of 1st period - Mike Weber is hit by Marc Methot and loses puck.
19:07 of 1st period - Slapshot by Matt Calvert.
19:07 of 1st period - Shot Misses the Net.
19:09 of 1st period - Slapshot by Dmitry Kulikov.
19:09 of 1st period - Shot Misses the Net.
19:11 of 1st period - Snap shot by Matt Calvert.
19:11 of 1st period - Stopped by Viktor Fasth with a rebound.
19:13 of 1st period - Slapshot by Marc Methot.
19:13 of 1st period - Deflect By Nikolai Kulemin.
19:13 of 1st period - Stopped by Viktor Fasth with a rebound.
19:15 of 1st period - Snap shot by Marc Methot.
19:15 of 1st period - Stopped by Viktor Fasth with a rebound.
19:17 of 1st period - Snap shot by Nikolai Kulemin.
19:17 of 1st period - Stopped by Viktor Fasth with a rebound.
19:39 of 1st period - Deryk Engelland is hit by Brandon Dubinsky.
Goals for this period are 2 for Lightning vs 1 for Sharks.
Shots for this period are 13 for Lightning vs 12 for Sharks.

2nd period


0:01 of 2nd period - Brad Richards wins face-off versus Ryan Nugent-Hopkins in neutral zone.
1:00 of 2nd period - Minor Penalty to Ryan Suter for Hooking.
1:01 of 2nd period - Olli Jokinen wins face-off versus John Mitchell in Lightning zone.
1:26 of 2nd period - Minor Penalty to John Mitchell for Interference.
1:27 of 2nd period - Brandon Dubinsky wins face-off versus Brad Richards in Lightning zone.
2:19 of 2nd period - Marc Methot is hit by Dion Phaneuf and loses puck.
3:00 of 2nd period - Penalty to Ryan Suter is over, Ryan Suter is back on ice.
3:24 of 2nd period - Snap shot by Olli Jokinen.
3:24 of 2nd period - Stopped by Ben Scrivens with a rebound.
3:26 of 2nd period - Penalty to John Mitchell is over, John Mitchell is back on ice.
3:26 of 2nd period - Snap shot by Matt Hendricks.
3:26 of 2nd period - Stopped by Ben Scrivens with a rebound.
3:28 of 2nd period - Snap shot by Matt Hendricks.
3:28 of 2nd period - Stopped by Ben Scrivens with a rebound.
3:30 of 2nd period - Wrist shot by Matt Hendricks.
3:30 of 2nd period - Shot Misses the Net.
3:32 of 2nd period - Slapshot by Dion Phaneuf.
3:32 of 2nd period - Shot Misses the Net.
3:39 of 2nd period - Icing by Marc Methot.
3:40 of 2nd period - Brandon Dubinsky wins face-off versus Adam Hall in Lightning zone.
4:19 of 2nd period - Icing by Adam Hall.
4:20 of 2nd period - Adam Hall wins face-off versus Ryan Nugent-Hopkins in Sharks zone.
4:53 of 2nd period - Mattias Ekholm is hit by Brad Richards and loses puck.
5:30 of 2nd period - Slapshot by Tyson Barrie.
5:30 of 2nd period - Deflect By Dave Bolland.
5:30 of 2nd period - Shot Misses the Net.
5:30 of 2nd period - Puck is out of play.
5:31 of 2nd period - Matt Hendricks wins face-off versus Matt Calvert in Sharks zone.
5:44 of 2nd period - Backhand shot by Tyson Barrie.
5:44 of 2nd period - Stopped by Viktor Fasth without a rebound.
5:45 of 2nd period - John Mitchell wins face-off versus Brad Richards in Sharks zone.
5:46 of 2nd period - Wrist shot by Tyson Barrie.
5:46 of 2nd period - Stopped by Viktor Fasth with a rebound.
5:48 of 2nd period - Slapshot by Dmitry Kulikov.
5:48 of 2nd period - Shot Misses the Net.
5:50 of 2nd period - Slapshot by Erik Condra.
5:50 of 2nd period - Shot Blocked by Mike Green.
6:02 of 2nd period - Dmitry Kulikov is hit by Nathan Gerbe and loses puck.
6:11 of 2nd period - Brian Gionta is hit by Tyson Barrie and loses puck.
7:05 of 2nd period - Minor Penalty to Matt Hendricks for Roughing.
7:06 of 2nd period - Ryan Nugent-Hopkins wins face-off versus Brad Richards in Sharks zone.
7:30 of 2nd period - Snap shot by Ryan Strome.
7:30 of 2nd period - Shot Blocked by Olli Jokinen.
8:00 of 2nd period - Nicklas Grossmann is hit by Brandon Dubinsky and loses puck.
8:15 of 2nd period - Wrist shot by Olli Jokinen.
8:15 of 2nd period - Shot Misses the Net.
8:34 of 2nd period - Off-side.
8:35 of 2nd period - Ryan Nugent-Hopkins wins face-off versus Brian Gionta in neutral zone.
8:40 of 2nd period - Snap shot by Jiri Tlusty.
8:40 of 2nd period - Goal by Jiri Tlusty - Lightning : 3 - Sharks : 1.
8:41 of 2nd period - Ryan Nugent-Hopkins wins face-off versus Adam Hall in neutral zone.
8:54 of 2nd period - Snap shot by Justin Fontaine.
8:54 of 2nd period - Shot Blocked by Dmitry Kulikov.
9:00 of 2nd period - Dion Phaneuf is hit by Marc Methot and loses puck.
10:46 of 2nd period - Matt Calvert is hit by Deryk Engelland and loses puck.
10:53 of 2nd period - Snap shot by Justin Fontaine.
10:53 of 2nd period - Shot Misses the Net.
11:04 of 2nd period - Adam Hall is hit by Nikolai Kulemin and loses puck.
11:25 of 2nd period - Rich Peverley is hit by Erik Condra.
11:31 of 2nd period - Icing by John Mitchell.
11:32 of 2nd period - John Mitchell wins face-off versus Olli Jokinen in Lightning zone.
12:27 of 2nd period - Slapshot by Patrick Marleau.
12:27 of 2nd period - Shot Misses the Net.
12:29 of 2nd period - Snap shot by Brandon Dubinsky.
12:29 of 2nd period - Deflect By Patrick Marleau.
12:29 of 2nd period - Shot Misses the Net.
12:29 of 2nd period - Puck is out of play.
12:30 of 2nd period - Brad Richards wins face-off versus Ryan Nugent-Hopkins in Sharks zone.
12:45 of 2nd period - Wrist shot by Ryan Nugent-Hopkins.
12:45 of 2nd period - Shot Misses the Net.
13:04 of 2nd period - Icing by Adam Hall.
13:05 of 2nd period - Brandon Dubinsky wins face-off versus Adam Hall in Sharks zone.
13:26 of 2nd period - Snap shot by Brandon Dubinsky.
13:26 of 2nd period - Shot Misses the Net.
13:28 of 2nd period - Slapshot by Marc Methot.
13:28 of 2nd period - Deflect By Brandon Dubinsky.
13:28 of 2nd period - Stopped by Viktor Fasth without a rebound.
13:29 of 2nd period - Nikolai Kulemin wins face-off versus Olli Jokinen in Sharks zone.
13:32 of 2nd period - Wrist shot by Matt Calvert.
13:32 of 2nd period - Shot Misses the Net.
14:20 of 2nd period - Slapshot by Jiri Tlusty.
14:20 of 2nd period - Shot Blocked by Dion Phaneuf.
14:22 of 2nd period - Slapshot by Marc Methot.
14:22 of 2nd period - Stopped by Viktor Fasth with a rebound.
14:24 of 2nd period - Wrist shot by Ryan Nugent-Hopkins.
14:24 of 2nd period - Stopped by Viktor Fasth with a rebound.
14:26 of 2nd period - Slapshot by Dmitry Kulikov.
14:26 of 2nd period - Shot Misses the Net.
14:28 of 2nd period - Snap shot by Jiri Tlusty.
14:28 of 2nd period - Goal by Jiri Tlusty - Lightning : 4 - Sharks : 1.
14:29 of 2nd period - Adam Hall wins face-off versus Brandon Dubinsky in neutral zone.
15:26 of 2nd period - Snap shot by Ryan Nugent-Hopkins.
15:26 of 2nd period - Shot Misses the Net.
15:28 of 2nd period - Slapshot by Ryan Suter.
15:28 of 2nd period - Shot Blocked by Adam Hall.
15:30 of 2nd period - Slapshot by Tyson Barrie.
15:30 of 2nd period - Stopped by Viktor Fasth with a rebound.
15:32 of 2nd period - Slapshot by Ryan Suter.
15:32 of 2nd period - Shot Misses the Net.
16:08 of 2nd period - Minor Penalty to Mike Green for Holding.
16:09 of 2nd period - Brad Richards wins face-off versus Brandon Dubinsky in Sharks zone.
16:21 of 2nd period - Snap shot by Patrick Marleau.
16:21 of 2nd period - Goal by Patrick Marleau - Lightning : 5 - Sharks : 1.
16:21 of 2nd period - Aaron Dell enters game.
16:22 of 2nd period - Brad Richards wins face-off versus Brandon Dubinsky in neutral zone.
16:51 of 2nd period - Snap shot by Brian Gionta.
16:51 of 2nd period - Shot Misses the Net.
16:53 of 2nd period - Snap shot by Nicklas Grossmann.
16:53 of 2nd period - Shot Misses the Net.
17:17 of 2nd period - Ryan Nugent-Hopkins is hit by Dion Phaneuf and loses puck.
17:34 of 2nd period - Icing by Matt Hendricks.
17:35 of 2nd period - Olli Jokinen wins face-off versus Dave Bolland in Sharks zone.
17:40 of 2nd period - Slapshot by Olli Jokinen.
17:40 of 2nd period - Stopped by Ben Scrivens without a rebound.
17:41 of 2nd period - Dave Bolland wins face-off versus Andrew Ebbett in Lightning zone.
17:48 of 2nd period - Wrist shot by Jay Harrison.
17:48 of 2nd period - Shot Blocked by Matt Calvert.
17:50 of 2nd period - Slapshot by Jay Harrison.
17:50 of 2nd period - Shot Misses the Net.
17:52 of 2nd period - Slapshot by Jay Harrison.
17:52 of 2nd period - Deflect By Andrew Ebbett.
17:52 of 2nd period - Shot Blocked by Roman Polak.
17:52 of 2nd period - Puck is out of play.
17:53 of 2nd period - Andrew Ebbett wins face-off versus Dave Bolland in Lightning zone.
18:18 of 2nd period - Slapshot by Roman Polak.
18:18 of 2nd period - Shot Hit the Post.
18:20 of 2nd period - Snap shot by Matt Calvert.
18:20 of 2nd period - Stopped by Aaron Dell with a rebound.
18:22 of 2nd period - Snap shot by Matt Calvert.
18:22 of 2nd period - Shot Misses the Net.
18:24 of 2nd period - Wrist shot by Matt Calvert.
18:24 of 2nd period - Stopped by Aaron Dell without a rebound.
18:25 of 2nd period - Brandon Dubinsky wins face-off versus Olli Jokinen in Sharks zone.
18:44 of 2nd period - Slapshot by Brandon Dubinsky.
18:44 of 2nd period - Shot Misses the Net.
18:46 of 2nd period - Slapshot by Dmitry Kulikov.
18:46 of 2nd period - Stopped by Aaron Dell without a rebound.
18:47 of 2nd period - Adam Hall wins face-off versus Ryan Nugent-Hopkins in Sharks zone.
19:14 of 2nd period - Slapshot by Mike Weber.
19:14 of 2nd period - Shot Misses the Net.
19:38 of 2nd period - Wrist shot by Olli Jokinen.
19:38 of 2nd period - Stopped by Ben Scrivens with a rebound.
19:40 of 2nd period - Snap shot by Matt Hendricks.
19:40 of 2nd period - Shot Blocked by Tyson Barrie.
19:42 of 2nd period - Slapshot by Matt Hendricks.
19:42 of 2nd period - Stopped by Ben Scrivens with a rebound.
19:44 of 2nd period - Snap shot by Nicklas Grossmann.
19:44 of 2nd period - Shot Blocked by Ryan Suter.
Goals for this period are 3 for Lightning vs 0 for Sharks.
Shots for this period are 12 for Lightning vs 6 for Sharks.

3rd period


0:01 of 3rd period - Ryan Nugent-Hopkins wins face-off versus Brad Richards in neutral zone.
0:03 of 3rd period - Minor Penalty to Marc Methot for Tripping.
0:04 of 3rd period - Brad Richards wins face-off versus Brandon Dubinsky in Lightning zone.
0:12 of 3rd period - Slapshot by Nathan Gerbe.
0:12 of 3rd period - Stopped by Ben Scrivens without a rebound.
0:13 of 3rd period - Brandon Dubinsky wins face-off versus Nathan Gerbe in Lightning zone.
0:28 of 3rd period - Wrist shot by Patrick Marleau.
0:28 of 3rd period - Stopped by Aaron Dell with a rebound.
1:57 of 3rd period - Nathan Gerbe is hit by Ryan Suter and loses puck.
2:03 of 3rd period - Penalty to Marc Methot is over, Marc Methot is back on ice.
2:17 of 3rd period - Icing by Roman Polak.
2:18 of 3rd period - Adam Hall wins face-off versus Brandon Dubinsky in Lightning zone.
2:36 of 3rd period - Jiri Tlusty is hit by Deryk Engelland and loses puck.
2:47 of 3rd period - Slapshot by Jay Harrison.
2:47 of 3rd period - Shot Misses the Net.
3:38 of 3rd period - Mike Weber is hit by Dave Bolland and loses puck.
3:45 of 3rd period - Snap shot by Matt Calvert.
3:45 of 3rd period - Shot Misses the Net.
5:18 of 3rd period - Nathan Gerbe is hit by Ryan Suter and loses puck.
5:33 of 3rd period - Wrist shot by Brian Gionta.
5:33 of 3rd period - Stopped by Ben Scrivens with a rebound.
5:35 of 3rd period - Snap shot by Jay Harrison.
5:35 of 3rd period - Stopped by Ben Scrivens without a rebound.
5:36 of 3rd period - Adam Hall wins face-off versus Nikolai Kulemin in Lightning zone.
5:53 of 3rd period - Slapshot by Justin Fontaine.
5:53 of 3rd period - Stopped by Ben Scrivens with a rebound.
5:59 of 3rd period - Adam Hall is hit by Nikolai Kulemin.
6:40 of 3rd period - Dion Phaneuf is hit by Erik Condra and loses puck.
6:47 of 3rd period - John Mitchell is hit by Dion Phaneuf and loses puck.
7:20 of 3rd period - Snap shot by Brandon Dubinsky.
7:20 of 3rd period - Shot Misses the Net.
7:22 of 3rd period - Slapshot by Roman Polak.
7:22 of 3rd period - Goal by Roman Polak - Lightning : 6 - Sharks : 1.
7:23 of 3rd period - Justin Fontaine wins face-off versus Brandon Dubinsky in neutral zone.
7:32 of 3rd period - Slapshot by Justin Fontaine.
7:32 of 3rd period - Shot Misses the Net.
8:37 of 3rd period - Brian Gionta is hit by Roman Polak and loses puck.
9:17 of 3rd period - Slapshot by Dion Phaneuf.
9:17 of 3rd period - Shot Misses the Net.
9:19 of 3rd period - Snap shot by Nicklas Grossmann.
9:19 of 3rd period - Shot Misses the Net.
9:31 of 3rd period - Wrist shot by Olli Jokinen.
9:31 of 3rd period - Stopped by Ben Scrivens with a rebound.
9:33 of 3rd period - Snap shot by Olli Jokinen.
9:33 of 3rd period - Stopped by Ben Scrivens without a rebound.
9:34 of 3rd period - Rich Peverley wins face-off versus John Mitchell in Lightning zone.
9:45 of 3rd period - Snap shot by Rich Peverley.
9:45 of 3rd period - Stopped by Ben Scrivens without a rebound.
9:46 of 3rd period - Brad Richards wins face-off versus Shawn Matthias in Lightning zone.
9:53 of 3rd period - Wrist shot by Nathan Gerbe.
9:53 of 3rd period - Stopped by Ben Scrivens with a rebound.
9:55 of 3rd period - Slapshot by Mike Green.
9:55 of 3rd period - Shot Misses the Net.
9:57 of 3rd period - Slapshot by Brian Gionta.
9:57 of 3rd period - Goal by Brian Gionta - Lightning : 6 - Sharks : 2.
9:58 of 3rd period - Brandon Dubinsky wins face-off versus Olli Jokinen in neutral zone.
10:01 of 3rd period - Snap shot by Patrick Marleau.
10:01 of 3rd period - Shot Misses the Net.
10:45 of 3rd period - Snap shot by Dion Phaneuf.
10:45 of 3rd period - Shot Misses the Net.
10:57 of 3rd period - Snap shot by Justin Fontaine.
10:57 of 3rd period - Stopped by Ben Scrivens with a rebound.
10:59 of 3rd period - Snap shot by Adam Hall.
10:59 of 3rd period - Stopped by Ben Scrivens with a rebound.
11:01 of 3rd period - Snap shot by Deryk Engelland.
11:01 of 3rd period - Stopped by Ben Scrivens without a rebound.
11:02 of 3rd period - Nathan Gerbe wins face-off versus Ryan Nugent-Hopkins in Lightning zone.
11:07 of 3rd period - Wrist shot by Brian Gionta.
11:07 of 3rd period - Shot Blocked by Ryan Suter.
13:06 of 3rd period - Slapshot by Dion Phaneuf.
13:06 of 3rd period - Deflect By Tom Kostopoulos.
13:06 of 3rd period - Shot Misses the Net.
13:06 of 3rd period - Puck is out of play.
13:07 of 3rd period - John Mitchell wins face-off versus Andrew Ebbett in Lightning zone.
13:28 of 3rd period - Slapshot by Mike Green.
13:28 of 3rd period - Deflect By Brad Richards.
13:28 of 3rd period - Stopped by Ben Scrivens without a rebound.
13:29 of 3rd period - Adam Hall wins face-off versus Brandon Dubinsky in Lightning zone.
13:30 of 3rd period - Wrist shot by Justin Fontaine.
13:30 of 3rd period - Shot Misses the Net.
13:36 of 3rd period - Wrist shot by Justin Fontaine.
13:36 of 3rd period - Stopped by Ben Scrivens without a rebound.
13:37 of 3rd period - Brandon Dubinsky wins face-off versus Adam Hall in Lightning zone.
13:54 of 3rd period - Wrist shot by Patrick Marleau.
13:54 of 3rd period - Shot Misses the Net.
13:56 of 3rd period - Snap shot by Brandon Dubinsky.
13:56 of 3rd period - Shot Misses the Net.
14:00 of 3rd period - Snap shot by Patrick Marleau.
14:00 of 3rd period - Shot Misses the Net.
14:02 of 3rd period - Slapshot by Mattias Ekholm.
14:02 of 3rd period - Goal by Mattias Ekholm - Lightning : 7 - Sharks : 2.
14:03 of 3rd period - Ryan Nugent-Hopkins wins face-off versus Olli Jokinen in neutral zone.
14:22 of 3rd period - Slapshot by Rich Peverley.
14:22 of 3rd period - Stopped by Ben Scrivens with a rebound.
14:24 of 3rd period - Slapshot by Nicklas Grossmann.
14:24 of 3rd period - Shot Misses the Net.
14:26 of 3rd period - Slapshot by Nicklas Grossmann.
14:26 of 3rd period - Stopped by Ben Scrivens with a rebound.
14:46 of 3rd period - Minor Penalty to Ryan Nugent-Hopkins for Hooking.
14:47 of 3rd period - Brad Richards wins face-off versus Brandon Dubinsky in Lightning zone.
15:05 of 3rd period - Off-side.
15:06 of 3rd period - John Mitchell wins face-off versus Brad Richards in neutral zone.
15:09 of 3rd period - Snap shot by Ryan Suter.
15:09 of 3rd period - Goal by Ryan Suter - Lightning : 8 - Sharks : 2.
15:10 of 3rd period - Brad Richards wins face-off versus Brandon Dubinsky in neutral zone.
15:31 of 3rd period - Wrist shot by Dmitry Kulikov.
15:31 of 3rd period - Deflect By Nicklas Grossmann.
15:31 of 3rd period - Stopped by Aaron Dell with a rebound.
15:33 of 3rd period - Slapshot by Marc Methot.
15:33 of 3rd period - Shot Misses the Net.
15:35 of 3rd period - Snap shot by Marc Methot.
15:35 of 3rd period - Deflect By John Mitchell.
15:35 of 3rd period - Stopped by Aaron Dell without a rebound.
15:36 of 3rd period - Matt Hendricks wins face-off versus John Mitchell in Sharks zone.
15:59 of 3rd period - Slapshot by Dion Phaneuf.
15:59 of 3rd period - Shot Misses the Net.
16:01 of 3rd period - Snap shot by Olli Jokinen.
16:01 of 3rd period - Shot Misses the Net.
16:03 of 3rd period - Snap shot by Olli Jokinen.
16:03 of 3rd period - Deflect By Matt Hendricks.
16:03 of 3rd period - Shot Blocked by Ryan Suter.
16:03 of 3rd period - Puck is out of play.
16:04 of 3rd period - Brandon Dubinsky wins face-off versus Brad Richards in Lightning zone.
16:17 of 3rd period - Slapshot by Mike Green.
16:17 of 3rd period - Stopped by Ben Scrivens with a rebound.
16:19 of 3rd period - Slapshot by Mike Weber.
16:19 of 3rd period - Shot Misses the Net.
16:21 of 3rd period - Slapshot by Mike Weber.
16:21 of 3rd period - Stopped by Ben Scrivens with a rebound.
16:23 of 3rd period - Slapshot by Mike Green.
16:23 of 3rd period - Stopped by Ben Scrivens with a rebound.
16:25 of 3rd period - Snap shot by Mike Weber.
16:25 of 3rd period - Shot Blocked by Dmitry Kulikov.
16:27 of 3rd period - Wrist shot by Mike Weber.
16:27 of 3rd period - Deflect By Patrick Marleau.
16:27 of 3rd period - Stopped by Ben Scrivens with a rebound.
16:46 of 3rd period - Penalty to Ryan Nugent-Hopkins is over, Ryan Nugent-Hopkins is back on ice.
17:07 of 3rd period - Dave Bolland is hit by Matt Hendricks and loses puck.
18:06 of 3rd period - Slapshot by Ryan Suter.
18:06 of 3rd period - Deflect By Ryan Strome.
18:06 of 3rd period - Shot Blocked by Dion Phaneuf.
18:06 of 3rd period - Puck is out of play.
18:07 of 3rd period - John Mitchell wins face-off versus Tom Kostopoulos in Sharks zone.
18:30 of 3rd period - Snap shot by Jay Harrison.
18:30 of 3rd period - Shot Blocked by Ryan Suter.
18:32 of 3rd period - Slapshot by Jay Harrison.
18:32 of 3rd period - Shot Misses the Net.
18:57 of 3rd period - Olli Jokinen is hit by Ryan Suter and loses puck.
19:16 of 3rd period - Slapshot by Ryan Nugent-Hopkins.
19:16 of 3rd period - Shot Misses the Net.
19:18 of 3rd period - Wrist shot by Jiri Tlusty.
19:18 of 3rd period - Stopped by Aaron Dell with a rebound.
19:20 of 3rd period - Slapshot by Marc Methot.
19:20 of 3rd period - Shot Blocked by Mark Fistric.
19:22 of 3rd period - Wrist shot by Dmitry Kulikov.
19:22 of 3rd period - Stopped by Aaron Dell with a rebound.
19:24 of 3rd period - Snap shot by Jiri Tlusty.
19:24 of 3rd period - Goal by Jiri Tlusty - Lightning : 9 - Sharks : 2.
19:25 of 3rd period - Brandon Dubinsky wins face-off versus Adam Hall in neutral zone.
19:45 of 3rd period - Icing by Dion Phaneuf.
19:46 of 3rd period - Dave Bolland wins face-off versus Adam Hall in Sharks zone.
19:47 of 3rd period - Wrist shot by Matt Calvert.
19:47 of 3rd period - Stopped by Aaron Dell with a rebound.
19:54 of 3rd period - Minor Penalty to Roman Polak for Hooking.
19:55 of 3rd period - Brad Richards wins face-off versus Patrick Marleau in Lightning zone.
19:55 of 3rd period - Wrist shot by Brian Gionta.
19:55 of 3rd period - Shot Misses the Net.
19:57 of 3rd period - Slapshot by Nicklas Grossmann.
19:57 of 3rd period - Shot Blocked by Marc Methot.
19:59 of 3rd period - Snap shot by Brian Gionta.
19:59 of 3rd period - Goal by Brian Gionta - Lightning : 9 - Sharks : 3.
Goals for this period are 4 for Lightning vs 2 for Sharks.
Shots for this period are 10 for Lightning vs 21 for Sharks.


Output by the SimonT Hockey Simulator (STHS) for Eric Dolegowski -- Original Page W3C XHTML 1.0 Valid
Hockey Simulator - Hockey Simulation - Hockey Manager